 Dungeon Crawl Stone Soup version 0.30-a0-169-g06f667207d (webtiles) character file.

Game seed: 15033985238203945680

80 Decritt the Trooper (level 4, -1/35 HPs)
             Began as a Djinni Fire Elementalist on Sept 30, 2022.
             Slain by a gnoll
             ... wielding a +2 antimagic spear
              (7 damage)
             ... on level 2 of the Dungeon.
             The game lasted 00:05:18 (2193 turns).

Decritt the Trooper (Djinni Fire Elementalist)      Turns: 2193, Time: 00:05:19

Health: -1/35      AC:  3    Str:  7    XL:     4   Next: 65%
Gold:   37         EV: 12    Int: 18    God:
                   SH:  0    Dex: 14

rFire   + . .      SeeInvis .    r - +1 sling (freeze)
rCold   . . .      Faith    .    d - orb {light}
rNeg    . . .      Spirit   .    a - +0 robe
rPois   ∞          Reflect  .    (no helmet)
rElec   .          Harm     .    p - +0 cloak
rCorr   .          Rampage  .    (no gloves)
Will    .....                    (boots unavailable)
Stlth   +.........               (no amulet)
HPRegen 0.11/turn                q - ring of ice
MPRegen 0.00/turn                (no ring)

@: flying, very slightly contaminated, glowing
A: sickness immunity, fire resistance 2, cold vulnerability 1, float, innate
caster, HP casting, extra vitality 1
a: no special abilities


You were on level 2 of the Dungeon.
You visited 1 branch of the dungeon, and saw 2 of its levels.

You collected 85 gold pieces.
You spent 48 gold pieces at shops.

Inventory:

Hand Weapons
 b - a +2 dagger of pain
 r - a +1 sling of freezing (weapon)
Armour
 a - a +0 robe (worn)
 d - an orb of light (worn)
 p - a +0 cloak (worn)
Jewellery
 q - a ring of ice (left hand)
Scrolls
 g - a scroll of magic mapping {unknown}
 i - a scroll of poison {unknown}
 j - a scroll of brand weapon {unknown}
 k - 2 scrolls of amnesia {unknown}
 l - 2 scrolls of noise {unknown}
 m - a scroll of teleportation {unknown}
 n - a scroll of fear {unknown}
Potions
 c - a potion of haste {unknown}
 e - 2 potions of heal wounds {unknown}
 f - a potion of attraction {unknown}
 h - 2 potions of ambrosia {unknown}
 o - a potion of flight {unknown}


   Skills:
 * Level 3.1 Fighting
 - Level 2.1 Dodging
 - Level 1.5 Stealth
 + Level 3.0 Spellcasting


You couldn't memorise any spells.
You knew the following spells:

 Your Spells              Type           Power      Damage    Failure   Level
a - Foxfire               Conj/Fire      52%        2x1d6     4%          1
b - Scorch                Fire           26%        2d6       7%          2
c - Kindle Blastsparks    Fire/Tloc/Air  26%        2d12      14%         3
d - Inner Flame           Hex/Fire       13%        N/A       14%         3
e - Flame Wave            Conj/Fire      13%        2d6       43%         4
f - Kiss of Death         Conj/Necr      52%        2d9       4%          1
Your spell library was empty.

Dungeon Overview and Level Annotations

Branches:
Dungeon (2/15)

Altars:

Shops:
D:2 !


Innate Abilities, Weirdness & Mutations

You are immune to sickness and miasma.
You are immune to poison.
Your flesh is very heat resistant. (rF++)
You are vulnerable to cold. (rC-)
You float through the air rather than walking.
You learn spells naturally, not from books.
Your magical power is your life essence.
You have superior vitality. (+4 MHP)


Message History

Casting: Foxfire (safe; 4% risk of failure)
Confirm with . or Enter, or press ? or * to list all spells.
You conjure some foxfire!
The gnoll barely misses you.
The gnoll hits you from afar with a +2 antimagic spear!
* * * LOW HITPOINT WARNING * * *
The foxfire hits the gnoll but does no damage.
The gnoll is moderately wounded.
The foxfire hits the gnoll.
The gnoll is moderately wounded.
The gnoll misses you. The gnoll closely misses you.
Casting: Foxfire (safe; 4% risk of failure)
Confirm with . or Enter, or press ? or * to list all spells.
You conjure some foxfire!
* * * LOW HITPOINT WARNING * * *
The gnoll misses you.
The gnoll hits you from afar with a +2 antimagic spear.
* * * LOW HITPOINT WARNING * * *
The foxfire hits the gnoll.
The gnoll is severely wounded.
The foxfire hits the gnoll.
You kill the gnoll!
The gnoll barely misses you.
Your Spellcasting skill increases to level 3!
Casting: Foxfire (safe; 4% risk of failure)
Confirm with . or Enter, or press ? or * to list all spells.
You miscast Foxfire.
You are very lightly contaminated with residual magic.
Nothing appears to happen.
* * * LOW HITPOINT WARNING * * *
The gnoll hits you from afar with a +2 antimagic spear.
* * * LOW HITPOINT WARNING * * *
You feel better.
The gnoll hits you from afar with a +2 antimagic spear.
* * * LOW HITPOINT WARNING * * *
Casting: Foxfire (safe; 4% risk of failure)
Confirm with . or Enter, or press ? or * to list all spells.
You conjure some foxfire!
* * * LOW HITPOINT WARNING * * *
The gnoll hits you from afar with a +2 antimagic spear!
You die...

#.............#..§§≈.
########.......#.....
#.......######
##............
#########.#####......
#.........# #######
#..[......#
#..v......#
#..v@.....#
#...).....#
#.g.......#
##.######### ##..#
#.#####..##
#.......## #######>#
#.#


You could see a gnoll (ally target).

Vanquished Creatures
  A gnoll (D:2)
  2 adders (D:2)
  2 worms (D:2)
  A dart slug (D:2)
  3 bats
  6 endoplasms
  4 giant cockroaches (D:2)
  5 goblins
  2 hobgoblins
  6 jackals (D:2)
  A kobold (D:2)
  3 ball pythons
  A frilled lizard (D:1)
  3 rats
40 creatures vanquished.

Vanquished Creatures (others)
  111 foxfires
111 creatures vanquished.

Grand Total: 151 creatures vanquished

Notes
Turn   | Place    | Note
-------+----------+-------------------------------------------
     0 | D:1      | Decritt the Djinni Fire Elementalist began the quest for
                  | the Orb.
     0 | D:1      | Decritt set off with the following spells memorised:
                  | Foxfire, Scorch, Kindle Blastsparks, Inner Flame, Flame
                  | Wave.
     0 | D:1      | Reached XP level 1. HP: 15/15 MP: 0/0
    62 | D:1      | You are sucked into a shaft and drop 1 floor!
   190 | D:1      | Reached skill level 1 in Fighting
   190 | D:1      | Reached XP level 2. HP: 19/22 MP: 0/0
   836 | D:1      | Found a faded altar of an unknown god.
  1104 | D:2      | Reached XP level 3. HP: 19/28 MP: 0/0
  1104 | D:2      | Learned a level 1 spell: Kiss of Death
  1701 | D:2      | Reached XP level 4. HP: 24/34 MP: 0/0
  2112 | D:2      | Found Tegorih's Distillery.
  2120 | D:2      | Bought a potion of curing for 36 gold pieces
  2120 | D:2      | Bought a potion of degeneration for 12 gold pieces
  2193 | D:2      | Slain by a gnoll

Illustrated notes

Levels and vault maps discovered:
D:1:      wander_arrival_estate, layout_basic,
          shapermc_ecumenical_altar_mp_vishouse, chequers_serial_rivers_micro_c,
          hangedman_glass_teeth, dreamdust_wishing_well,
          minmay_misc_feat_encased
D:2:      layout_basic, serial_shops, shop, nicolae_lakefront_shop,
          nicolae_lakefront_shop, minmay_indecisive_spiral

Skill      XL: |  1  2  3  4 |
---------------+-------------+-----
Fighting       | 1 2 3 |  3.1
Spellcasting   | 3 |  3.0
Dodging        | |  2.1
Stealth        | |  1.5

Action                   |  1- 3 |  4- 6 || total
-------------------------+-------+-------++-------
Melee: Dagger            |    11 |     2 ||    13
 Fire: Sling             |       |     2 ||     2
 Cast: Foxfire           |    49 |    15 ||    64
  Use: Potion            |       |     1 ||     1
Armor: Robe              |     6 |     4 ||    10
Dodge: Dodged            |    29 |    17 ||    46

Table legend: (Time is in decaauts)
 A = Elapsed time spent in this place.
 B = Non-inter-level travel time spent in this place.
 C = Inter-level travel time spent in this place.
 D = Time resting spent in this place.
 E = Time spent auto-exploring this place.
 F = Levels seen in this place.
 G = Mean time per level.
                   A        B        C        D        E       F      G
               +--------+--------+--------+--------+--------+-----+--------+
         Total |   2192 |   2188 |      4 |    585 |   1273 |   2 | 1096.0 |
       Dungeon |   2192 |   2188 |      4 |    585 |   1273 |   2 | 1096.0 |
               +--------+--------+--------+--------+--------+-----+--------+

Top non-repeatable levels by time:
     D:2: 1226 daAuts
     D:1: 966 daAuts
